 Dungeon Sprint DCSS version 0.23.0 (webtiles) character file.

Game seed: 12350969502782314954

24300000 Fang the Conqueror (level 27, -4136/266 HPs)
             Began as a Demonspawn Gladiator on Feb 11, 2019.
             Was the Champion of Makhleb.
             Annihilated by The Meatlord
             ... wielding the +7 sceptre of Torment {pain, torment}
              (4201 damage)
             ... in the Dungeon (Sprint VIII: "Arena of Blood").
             The game lasted 00:02:55 (243 turns).

Fang the Conqueror (Demonspawn Gladiator)            Turns: 243, Time: 00:02:56

Health: -4136/266  AC: 21    Str: 25    XL:     27
Magic:  54/54      EV: 33    Int:  9    God:    Makhleb [******]
Gold:   0          SH:  0    Dex: 18    Spells: 80/80 levels left

rFire    . . .     SeeInvis +   l - +∞ Axe of Woe
rCold    + . .     Gourm    .   (shield currently unavailable)
rNeg     . . .     Faith    .   b - +0 leather armour
rPois    .         Spirit   .   c - +0 helmet
rElec    .         Reflect  .   (no cloak)
rCorr    .         Harm     .   (no gloves)
MR       ++...     NoTele   +   (boots unavailable)
Stlth    +++++++++.             (no amulet)
HPRegen  0.54/turn              D - ring of see invisible
MPRegen  0.34/turn              C - +30 ring of slaying

@: no status effects
A: talons 3, rugged brown scales 3, cold resistance 1, icemail, powered by death
3, augmentation 3, freezing cloud immunity
a: Minor Destruction, Lesser Servant of Makhleb, Major Destruction, Greater
Servant of Makhleb, Renounce Religion


You were in the Dungeon.
You worshipped Makhleb.
Makhleb was exalted by your worship.
You were not hungry.

You visited 1 branch

Inventory:

Hand Weapons
 a - a +0 war axe
 l - the +∞ Axe of Woe (weapon)
   (You found it in the Dungeon)
Missiles
 d - 3 throwing nets (quivered)
Armour
 b - a +0 leather armour (worn)
 c - a +0 helmet (worn)
Jewellery
 m - a +30 ring of slaying
 n - a +30 ring of slaying
 o - a +30 ring of slaying
 p - a +30 ring of slaying
 q - a +30 ring of slaying
 r - a +30 ring of slaying
 s - a +30 ring of slaying
 t - a +30 ring of slaying
 u - a +30 ring of slaying
 v - a +30 ring of slaying
 w - a +30 ring of slaying
 x - a +30 ring of slaying
 y - a +30 ring of slaying
 z - a +30 ring of slaying
 A - a +30 ring of slaying
 B - a +30 ring of slaying
 C - a +30 ring of slaying (right hand)
 D - a ring of see invisible (left hand)
Scrolls
 k - a scroll of blinking
Potions
 e - a potion of curing
 g - a potion of heal wounds
 h - a potion of haste
 i - 2 potions of magic
 j - a potion of berserk rage
Comestibles
 f - a ration


   Skills:
 O Level 27 Fighting
 O Level 27 Axes
 O Level 27 Throwing
 O Level 27 Armour
 O Level 27 Dodging
 O Level 27 Stealth
 O Level 27 Unarmed Combat
 O Level 27 Spellcasting
 O Level 27 Invocations


You had 80 spell levels left.
You didn't know any spells.
Your spell library was empty.

Dungeon Overview and Level Annotations

Branches:
Dungeon (1/1)

Altars:
Makhleb

Annotations:
D The Meatlord


Innate Abilities, Weirdness & Mutations

You have claws for feet.
You are completely covered in rugged brown scales. (AC +3, +7% HP)
Your flesh is cold resistant. (rC+)
A meltable icy envelope protects you from harm. (AC +10)
You regenerate a lot of health from kills.
Your magical and physical power is greatly enhanced at high health.
You are immune to freezing clouds.


Message History

The air twists around and strikes you!
You hear a shout! x8
You hear a shout! x2
The Meatlord waves its arms in wide circles.
The air twists around and strikes you!
You hear a shout! x2
You hear a shout! x5
You start resting.
You hear a shout! x21
The Meatlord is too close now for your liking.
You hear a shout! x2
The Meatlord waves its arms in wide circles.
The air twists around and strikes you!
* * * LOW HITPOINT WARNING * * *
You hear a shout!
You hear a shout! x2
The Meatlord shouts, "I shall devour thy liver!"
The Meatlord hits you with the +7 sceptre of Torment {pain, torment}!!!!!!!!!
Ouch! That really hurt!
You die...

################
####...............
####..................
####..........##.##.#####
###..........@..........
.........####&....##.##...
........#..................
.........#..........#.#....
.........#............. ...
....###...#..............
...###.....)#.............
..#.......)...............
......#...))..............


You could see The Meatlord.

Vanquished Creatures
  4 vampire knights (D)
  20 ogres (D)
  5 two-headed ogres (D)
  106 orcs (D)
135 creatures vanquished.

Notes
Turn   | Place    | Note
-------+----------+-------------------------------------------
     0 | D        | Found the +∞ Axe of Woe
     0 | D        | Fang the Demonspawn Gladiator began the quest for the Orb.
     0 | D        | Reached XP level 1. HP: 16/16 MP: 1/1
     2 | D        | Noticed a bag of meat
     4 | D        | Became a worshipper of Makhleb the Destroyer
     5 | D        | Noticed a bag of meat
     9 | D        | Noticed a bag of meat
     9 | D        | Noticed a bag of meat
    10 | D        | Noticed a bag of meat
    12 | D        | Noticed a bag of meat
    14 | D        | Killed a bag of meat
    14 | D        | Gained mutation: Your flesh is cold resistant. (rC+)
                  | [demonic ancestry]
    14 | D        | Reached XP level 2. HP: 43/43 MP: 2/2
    14 | D        | Gained mutation: You have sharp toenails. [demonic
                  | ancestry]
    14 | D        | Reached XP level 3. HP: 49/49 MP: 3/3
    14 | D        | Gained mutation: You have razor-sharp toenails. [demonic
                  | ancestry]
    14 | D        | Reached XP level 4. HP: 56/56 MP: 4/4
    14 | D        | Gained mutation: You are partially covered in rugged brown
                  | scales. (AC +1, +3% HP) [demonic ancestry]
    14 | D        | Reached XP level 5. HP: 56/63 MP: 5/5
    14 | D        | Gained mutation: You have claws for feet. [demonic
                  | ancestry]
    14 | D        | Reached XP level 6. HP: 63/71 MP: 6/6
    14 | D        | Reached XP level 7. HP: 68/77 MP: 7/7
    14 | D        | Gained mutation: You are mostly covered in rugged brown
                  | scales. (AC +2, +5% HP) [demonic ancestry]
    14 | D        | Reached XP level 8. HP: 68/86 MP: 8/8
    14 | D        | Reached XP level 9. HP: 73/92 MP: 9/9
    14 | D        | Gained mutation: You are immune to freezing clouds.
                  | [demonic ancestry]
    14 | D        | Reached XP level 10. HP: 78/99 MP: 10/10
    14 | D        | Reached XP level 11. HP: 84/106 MP: 11/11
    14 | D        | Noticed a bag of meat
    15 | D        | Killed a bag of meat
    15 | D        | Reached * piety under Makhleb
    15 | D        | Reached skill level 15 in Axes
    15 | D        | Reached skill level 15 in Throwing
    15 | D        | Reached skill level 15 in Dodging
    15 | D        | Reached XP level 12. HP: 63/118 MP: 12/12
    15 | D        | Killed a bag of meat
    15 | D        | Gained mutation: You regenerate a little health from kills.
                  | [demonic ancestry]
    15 | D        | Reached XP level 13. HP: 68/128 MP: 13/13
    16 | D        | Noticed a meat berserker
    17 | D        | Killed a bag of meat
    17 | D        | Reached XP level 14. HP: 75/139 MP: 14/14
    17 | D        | Killed a bag of meat
    17 | D        | Reached ** piety under Makhleb
    18 | D        | Killed a bag of meat
    18 | D        | Gained mutation: You are completely covered in rugged brown
                  | scales. (AC +3, +7% HP) [demonic ancestry]
    18 | D        | Reached XP level 15. HP: 139/154 MP: 15/15
    19 | D        | Noticed a meat berserker
    20 | D        | Killed a meat berserker
    20 | D        | Noticed a meat berserker
    21 | D        | Noticed a destroyer
    23 | D        | Killed a meat berserker
    23 | D        | Reached *** piety under Makhleb
    23 | D        | Reached XP level 16. HP: 170/170 MP: 16/16
    24 | D        | Killed a meat berserker
    24 | D        | Gained mutation: A meltable icy envelope protects you from
                  | harm. (AC +10) [demonic ancestry]
    24 | D        | Reached XP level 17. HP: 180/180 MP: 17/17
    26 | D        | Reached **** piety under Makhleb
    26 | D        | Reached skill level 27 in Fighting
    26 | D        | Noticed a meat berserker
    27 | D        | Killed a destroyer
    27 | D        | Reached skill level 27 in Axes
    27 | D        | Reached skill level 27 in Throwing
    27 | D        | Reached skill level 27 in Dodging
    27 | D        | Reached skill level 5 in Stealth
    27 | D        | Gained mutation: You regenerate health from kills. [demonic
                  | ancestry]
    27 | D        | Reached XP level 18. HP: 194/194 MP: 17/25
    28 | D        | Noticed a meat berserker
    31 | D        | Reached ***** piety under Makhleb
    31 | D        | Reached skill level 10 in Armour
    31 | D        | Reached skill level 10 in Stealth
    31 | D        | Reached skill level 10 in Unarmed Combat
    31 | D        | Reached skill level 10 in Spellcasting
    31 | D        | Noticed a large bag of meat
    31 | D        | Noticed a meat berserker
    32 | D        | Killed a meat berserker
    32 | D        | Reached XP level 19. HP: 202/202 MP: 17/36
    34 | D        | Killed a meat berserker
    34 | D        | Reached skill level 15 in Armour
    34 | D        | Reached skill level 15 in Unarmed Combat
    34 | D        | Reached skill level 15 in Spellcasting
    36 | D        | Reached XP level 20. HP: 210/210 MP: 18/40
    38 | D        | Killed a large bag of meat
    38 | D        | Killed a meat berserker
    38 | D        | Reached ****** piety under Makhleb
    39 | D        | Noticed a meat berserker
    40 | D        | Reached skill level 27 in Invocations
    40 | D        | Gained mutation: Your magical and physical power is
                  | slightly enhanced at high health. [demonic ancestry]
    40 | D        | Reached XP level 21. HP: 218/218 MP: 19/46
    44 | D        | Noticed a destroyer
    45 | D        | Gained mutation: Your magical and physical power is
                  | enhanced at high health. [demonic ancestry]
    45 | D        | Reached XP level 22. HP: 226/226 MP: 20/50
    47 | D        | Reached skill level 27 in Stealth
    49 | D        | Killed a destroyer
    49 | D        | Reached skill level 27 in Armour
    49 | D        | Reached skill level 27 in Unarmed Combat
    49 | D        | Reached skill level 27 in Spellcasting
    62 | D        | Reached XP level 23. HP: 234/234 MP: 25/54
    64 | D        | Noticed a destroyer
    67 | D        | Noticed a destroyer
    67 | D        | Noticed a large bag of meat
    68 | D        | Noticed a large bag of meat
    68 | D        | Reached XP level 24. HP: 242/242 MP: 27/54
    71 | D        | Noticed a large bag of meat
    72 | D        | Killed a destroyer
    72 | D        | Reached XP level 25. HP: 250/250 MP: 28/54
    74 | D        | Killed a large bag of meat
    74 | D        | Gained mutation: Your magical and physical power is greatly
                  | enhanced at high health. [demonic ancestry]
    74 | D        | Reached XP level 26. HP: 258/258 MP: 29/54
    77 | D        | Gained mutation: You regenerate a lot of health from kills.
                  | [demonic ancestry]
    77 | D        | Reached XP level 27. HP: 266/266 MP: 30/54
    81 | D        | Killed a large bag of meat
    82 | D        | Killed a destroyer
    86 | D        | Noticed a large bag of meat
    89 | D        | Killed a large bag of meat
    95 | D        | Killed a large bag of meat
   205 | D        | Noticed The Meatlord
   243 | D        | Annihilated by The Meatlord

Skill      XL: |  1  2  3  4  5  6  7  8  9 10 11 12 13 14 15 16 17 18 19 20 21 22 |
---------------+-------------------------------------------------------------------+-----
Fighting       | 14 16 18 19 21 24 25 27 | 27.0
Axes           | 13 15 17 18 19 22 23 27 | 27.0
Throwing       | 13 15 16 18 19 22 23 27 | 27.0
Dodging        | 13 15 17 18 19 22 23 27 | 27.0
Armour         | 4 13 16 21 24 27 | 27.0
Stealth        | 5 14 18 22 26 27 | 27.0
Unarmed Combat | 4 13 16 21 24 27 | 27.0
Spellcasting   | 4 13 16 21 24 27 | 27.0
Invocations    | 7 17 22 27 | 27.0

Action                   |  1- 3 |  4- 6 |  7- 9 | 10-12 | 13-15 | 16-18 | 19-21 | 22-24 | 25-27 || total
-------------------------+-------+-------+-------+-------+-------+-------+-------+-------+-------++-------
Melee: Executioner's axe |     1 |       |       |     1 |     4 |     6 |     8 |    11 |    47 ||    78
Armor: Leather armour    |       |       |       |       |       |     1 |       |     1 |     3 ||     5
Dodge: Dodged            |       |       |       |     1 |     1 |       |     1 |     5 |     4 ||    12
